AoeStats
← diego_benavente

MegaRandom

504817600Analyzed
1v1 RM · 25d ago on Sep 6, 2026· 60m 9s· 2 players
Game mode
Random Map
Map size
Tiny (2 player)
Population
200
Speed
Normal
Resources
Standard
Victory
Conquest
Starting age
Dark Age
Ending age
Imperial Age
RankedLock teamsTeams togetherTeam positionsShared explorationLock speedFull tech treeHidden civsTurbo modeCheats
Victory
Defeat
🇨🇱 Poles · Chile
758
+17
🇨🇴 Persians · Colombia
773
-17
diego_benavente
0:40 Loom
12:37 Feudal Age
13:13 Double-Bit Axe
12:52 Man-at-Arms
17:15 Stone Mining
19:54 Wheelbarrow
22:10 Castle Age
21:07 Bloodlines
21:02 Fletching
21:46 Forging
23:10 Light Cavalry
23:58 Scale Barding Armor
25:51 Iron Casting
27:13 Pikeman
31:16 Sanctity
32:22 Hand Cart
32:07 Town Watch
33:33 Ballistics
33:56 Horse Collar
34:35 Scale Mail Armor
34:57 Squires
34:33 Crossbowman
36:17 Heavy Plow
36:43 Gold Mining
40:19 Imperial Age
38:06 Bodkin Arrow
38:38 Padded Archer Armor
39:44 Husbandry
41:23 Conscription
42:02 Leather Archer Armor
42:49 Blast Furnace
44:09 Chemistry
42:32 Capped Ram
44:40 Block Printing
45:00 Theocracy
46:12 Cavalier
48:17 Masonry
48:03 Murder Holes
48:32 Chain Barding Armor
49:51 Chain Mail Armor
50:56 Arbalester
51:42 Thumb Ring
51:38 Bracer
53:41 Plate Mail Armor
53:21 Szlachta Privileges
53:59 Leather Archer Armor
57:50 Fortified Wall
GPRK | LORD JOHFRE
4:01 Loom
11:14 Feudal Age
11:48 Double-Bit Axe
11:28 Man-at-Arms
13:13 Bloodlines
23:05 Castle Age
21:13 Gold Mining
23:15 Forging
24:09 Husbandry
28:28 Iron Casting
27:59 Scale Barding Armor
28:31 Wheelbarrow
30:10 Stone Mining
31:18 Chain Barding Armor
36:52 Imperial Age
36:20 Bow Saw
36:22 Murder Holes
38:36 Chemistry
38:59 Gold Shaft Mining
38:20 Cavalier
41:45 Blast Furnace
40:46 Fletching
48:56 Ballistics
49:09 Kamandaran
49:23 Crossbowman
52:34 Thumb Ring
57:01 Elite Cannon Galleon
Connection lost

Rejoining the realm…

Still unreachable

The connection could not be restored.

Session expired

The server has moved on; the page needs a fresh start.